 Dungeon Sprint DCSS version 0.28.0-43-g3370ac3207 (webtiles) character file.

Game seed: 13635373302460291025

619 smarlow the Fighter (level 7, -2/73 HPs)
             Began as a Minotaur Fighter on Mar 11, 2022.
             Was an Initiate of Okawaru.
             Slain by Sonja
             ... wielding a +1 dagger of distortion
              (7 damage)
             ... in the Dungeon (Sprint I: "Red Sonja").
             The game lasted 00:01:41 (429 turns).

smarlow the Fighter (Minotaur Fighter)               Turns: 429, Time: 00:01:42

Health: -2/73      AC:  8    Str: 22    XL:     7   Next: 21%
Magic:  6/6        EV:  9    Int:  5    God:    Okawaru [......]
Gold:   243        SH:  6    Dex: 10    Spells: 6/6 levels left

rFire   . . .      SeeInvis .   a - +0 war axe
rCold   . . .      Faith    .   c - +0 buckler
rNeg    . . .      Spirit   .   b - +0 scale mail
rPois   .          Reflect  .   (helmet restricted)
rElec   .          Harm     .   (no cloak)
rCorr   .          Rampage  .   (no gloves)
Will    .....      NoTele   +   (no boots)
Stlth   ..........              (no amulet)
HPRegen 0.22/turn               (no ring)
MPRegen 0.10/turn               (no ring)

@: no status effects
A: horns 2, retaliatory headbutt
a: Renounce Religion


You were in the Dungeon.
You worshipped Okawaru.
Okawaru was noncommittal.
You visited 1 branch You collected 243 gold pieces.

Inventory:

Hand Weapons
 a - a +0 war axe (weapon)
Armour
 b - a +0 scale mail (worn)
 c - a +0 buckler (worn)
Wands
 d - a wand of digging (3)
Scrolls
 j - 2 scrolls of blinking
 k - a scroll of identify {unknown}
Potions
 e - a potion of curing
 f - a potion of heal wounds
 g - a potion of haste
 h - 2 potions of magic
 i - a potion of berserk rage


   Skills:
 + Level 10.9 Fighting
 + Level 8.0 Axes
 + Level 10.5 Armour
 + Level 0.5 Dodging
 + Level 10.2 Shields


You had 6 spell levels left.
You didn't know any spells.
Your spell library was empty.

Dungeon Overview and Level Annotations

Branches:
Dungeon (1/1)

Altars:
Cheibriados
Dithmenos
Elyvilon
Fedhas
Gozag
Hepliaklqana
Kikubaaqudgha
Makhleb
Nemelex Xobeh
Okawaru
Qazlal
Ru
Sif Muna
Trog
Uskayaw
Vehumet
Wu Jian
Xom
Yredelemnul
Zin
The Shining One
Jiyva
Lugonu

Shops:
D !

Annotations:
D Sonja


Innate Abilities, Weirdness & Mutations

You have a pair of horns on your head.
You reflexively headbutt those who attack you in melee.


Message History

There is an entrance to Detra's Distillery here.
There is a shadowy altar of Dithmenos here.
There is an iron altar of Okawaru here.
There is a glowing silver altar of Zin here.
There is an iron altar of Okawaru here.
You kneel at the altar of Okawaru.
Okawaru welcomes you!
There is an entrance to Detra's Distillery here.
There is an open door, spattered with blood here.
You see here a yak corpse.
You start resting.
HP restored.
You open the door.
Sonja, the Graceful Assassin comes into view.
She is wielding a +1 dagger of distortion and quivering curare-tipped darts.
Sonja shouts!
Sonja throws a curare-tipped dart.
You block the curare-tipped dart.
Found 108 gold pieces.
Sonja mumbles some strange words.
Sonja blinks!
Sonja hits you with a +1 dagger of distortion.
Space warps horribly around you!!
Sonja hits you with a +1 dagger of distortion.
Space warps around you. Sonja barely misses you.
There is an open door, spattered with blood here.
You miss Sonja.
Sonja hits you with a +1 dagger of distortion!
Space warps around you. You block Sonja's attack.
Sonja hits you but does no damage.
You closely miss Sonja. Your headbutt misses Sonja.
Sonja hits you but does no damage. Space warps horribly around you!!
* * * LOW HITPOINT WARNING * * *
Sonja hits you but does no damage. Space warps around you.
* * * LOW HITPOINT WARNING * * *
You block Sonja's attack.
Sonja says, "Someone hired me to kill you, but I'm not supposed to say who."
Sonja closely misses you. Sonja hits you but does no damage.
Space warps around you.
* * * LOW HITPOINT WARNING * * *
Sonja hits you but does no damage. Space warps horribly around you!
You die...

#<.#..').#.)'..#__#
#..').#..'..#..'..+
#..#####+#####'#__#
#..#### #...#(####
#..#__####..##.#
#..#_____##'#_.+
#⌠⌠#_.∩...†..._#
####_..__##_.#'#
#_____###@#.#
####### #K### $.$
#$§$# ##.## #+#


You could see Sonja.

Vanquished Creatures
  A slime creature (D)
  Sigmund (D)
  A yak (D)
  An ogre (D)
  A jelly (D)
  Ijyb (D)
6 creatures vanquished.

Notes
Turn   | Place    | Note
-------+----------+-------------------------------------------
     0 | D        | smarlow the Minotaur Fighter began the quest for the Orb.
     0 | D        | Reached XP level 1. HP: 19/19 MP: 0/0
     2 | D        | Noticed Ijyb
     8 | D        | Killed Ijyb
     9 | D        | Reached skill level 5 in Fighting
     9 | D        | Reached skill level 5 in Armour
     9 | D        | Reached skill level 5 in Shields
     9 | D        | Reached XP level 2. HP: 20/29 MP: 1/1
    13 | D        | Noticed an ogre
    16 | D        | Killed an ogre
    17 | D        | Reached XP level 3. HP: 29/39 MP: 2/2
    17 | D        | Reached XP level 4. HP: 35/47 MP: 3/3
    20 | D        | Noticed Sigmund
    24 | D        | Killed Sigmund
    25 | D        | Reached skill level 5 in Axes
    25 | D        | Reached XP level 5. HP: 25/56 MP: 4/4
    32 | D        | Found a burning altar of Makhleb.
    32 | D        | Found a shimmering altar of Xom.
    32 | D        | Noticed a slime creature
    33 | D        | Found a viscous altar of Jiyva.
    33 | D        | Found a corrupted altar of Lugonu.
    35 | D        | Killed a slime creature
    36 | D        | Reached skill level 10 in Fighting
    36 | D        | Reached XP level 6. HP: 6/66 MP: 5/5
   319 | D        | Found a shimmering blue altar of Sif Muna.
   320 | D        | Found an ornate altar of the Wu Jian Council.
   321 | D        | Found a radiant altar of Vehumet.
   325 | D        | Reached skill level 10 in Armour
   338 | D        | Found Detra's Distillery.
   338 | D        | Found an ancient bone altar of Kikubaaqudgha.
   338 | D        | Found a hazy altar of Hepliaklqana.
   338 | D        | Found a stormy altar of Qazlal.
   338 | D        | Found a hide-covered altar of Uskayaw.
   338 | D        | Found a blossoming altar of Fedhas.
   338 | D        | Found a bloodstained altar of Trog.
   338 | D        | Found an iron altar of Okawaru.
   338 | D        | Found a basalt altar of Yredelemnul.
   338 | D        | Found a glowing golden altar of the Shining One.
   338 | D        | Found a snail-covered altar of Cheibriados.
   338 | D        | Found a sacrificial altar of Ru.
   338 | D        | Found a glowing silver altar of Zin.
   338 | D        | Found a shadowy altar of Dithmenos.
   338 | D        | Found a white marble altar of Elyvilon.
   338 | D        | Noticed a yak
   344 | D        | Killed a yak
   345 | D        | Reached skill level 10 in Shields
   345 | D        | Reached XP level 7. HP: 55/73 MP: 6/6
   345 | D        | Found an opulent altar of Gozag.
   346 | D        | Found a sparkling altar of Nemelex Xobeh.
   382 | D        | Became a worshipper of Warmaster Okawaru
   426 | D        | Noticed Sonja
   429 | D        | Slain by Sonja

Illustrated notes

Levels and vault maps discovered:
D:        dungeon_sprint_1 [red_sonja_temple_1, red_sonja_temple_small_1]

Skill      XL: |  1  2  3  4  5  6 |
---------------+-------------------+-----
Fighting       | 5 7 8 10 | 10.9
Axes           | 3 4 5 7 8 |  8.0
Armour         | 5 7 8 9 10 | 10.5
Shields        | 5 7 8 9 10 | 10.2
Dodging        | |  0.5

Action                   |  1- 3 |  4- 6 |  7- 9 || total
-------------------------+-------+-------+-------++-------
Melee: War axe           |     8 |    13 |     2 ||    23
       Headbutt          |     1 |     3 |       ||     4
  Use: Potion            |     1 |       |       ||     1
Armor: Scale mail        |     1 |     4 |     5 ||    10
Dodge: Dodged            |     4 |     5 |     2 ||    11
Block: Buckler           |     1 |     1 |     3 ||     5
